 Dungeon Crawl Stone Soup version 0.30-a0-1018-g25214051b3 (webtiles) character file.

Game seed: 16421442098021146357

180 holysushi the Shooter (level 5, -8/39 HPs)
             Began as a Barachi Hunter on Apr 7, 2023.
             Was an Initiate of Okawaru.
             Mangled by an ogre
             ... wielding a +0 giant spiked club
              (22 damage)
             ... on level 4 of the Dungeon.
             The game lasted 00:02:31 (2599 turns).

holysushi the Shooter (Barachi Hunter)              Turns: 2599, Time: 00:02:31

Health: -8/39      AC:  7    Str: 12    XL:     5   Next: 60%
Magic:  5/5        EV: 14    Int: 10    God:    Okawaru [......]
Gold:   108        SH:  0    Dex: 17    Spells: 4/4 levels left

rFire   . . .      SeeInvis .    b - +2 dagger (venom)
rCold   . . .      Faith    .    (no shield)
rNeg    . . .      Spirit   .    c - +0 leather armour
rPois   .          Reflect  .    (no helmet)
rElec   .          Rampage  .    (no cloak)
rCorr   .                        (no gloves)
Will    .....                    (no boots)
Stlth   ++                       (no amulet)
HPRegen 0.26/turn                r - +4 ring of protection
MPRegen 0.09/turn                (no ring)

@: slow
A: amphibious, slowness 1, strong legs 1, +LOS
a: Hop, Renounce Religion


You were on level 4 of the Dungeon.
You worshipped Okawaru.
Okawaru was noncommittal.
You visited 1 branch of the dungeon, and saw 4 of its levels.

You collected 108 gold pieces.

Inventory:

Hand Weapons
 a - a +0 shortbow
 b - a +2 dagger of venom (weapon)
 q - a +1 trident of venom
Armour
 c - a +0 leather armour (worn)
Jewellery
 i - a ring of fire
 r - a +4 ring of protection (left hand)
 s - a ring of resist corrosion
Scrolls
 f - 5 scrolls of identify {unknown}
 h - 2 scrolls of teleportation {unknown}
 k - 3 scrolls of magic mapping {unknown}
 l - a scroll of poison {unknown}
 m - a scroll of summoning {unknown}
 n - a scroll of immolation
 t - 2 scrolls of fog {unknown}
Potions
 d - a potion of might {unknown}
 e - 2 potions of degeneration {unknown}
 g - a potion of curing {unknown}
 j - a potion of mutation {unknown}
 o - 2 potions of flight {unknown}
 p - 2 potions of resistance {unknown}


   Skills:
 - Level 2.5 Fighting
 + Level 5.1 Ranged Weapons
 - Level 5.0 Dodging
 - Level 1.0 Stealth


You had 4 spell levels left.
You didn't know any spells.
Your spell library contained the following spells:

 Spells                   Type           Power      Damage    Failure   Level
 Ensorcelled Hibernation  Hex/Ice        0%         N/A       58%         2
 Passwall                 Tmut/Erth      0%         N/A       58%         2
 Ignite Poison            Fire/Tmut/Pois 0%         N/A       82%         3
 Swiftness                Air            0%         N/A       82%         3
 Sticky Flame             Conj/Fire      0%         2d3       99%         4
 Ignition                 Fire           0%         3d3       100%        8


Dungeon Overview and Level Annotations

Branches:
Dungeon (4/15) Zot: 20901
 Temple: D:4-7

Altars:
Okawaru


Innate Abilities, Weirdness & Mutations

You are amphibious.
You cover ground slowly.
You can hop short distances.
You have an extended range of vision and can be seen from far away.


Message History

You kill the jelly!
Okawaru accepts your kill.
Your Ranged Weapons skill increases to level 5!
You start resting.
HP restored.
An ogre comes into view. It is wielding a +0 giant spiked club.
The ogre shouts!
An ogre is nearby!
An ogre is nearby!
An ogre is nearby!
You shoot an arrow. The arrow hits the ogre.
The ogre is lightly wounded.
You shoot an arrow. The arrow hits the ogre.
The ogre is lightly wounded.
You shoot an arrow. The arrow closely misses the ogre.
You shoot an arrow. The arrow hits the ogre.
The ogre is lightly wounded.
You shoot an arrow. The arrow barely misses the ogre.
The ogre hits you with a +0 giant spiked club!!
Ouch! That really hurt!
Your +2 dagger of venom begins to drip with poison!
b - a +2 dagger of venom (weapon)
You barely miss the ogre.
The ogre is lightly wounded.
The ogre barely misses you.
You hit the ogre but do no damage.
The ogre is lightly wounded.
You hit the ogre.
The ogre is poisoned.
The ogre is moderately wounded.
The ogre closely misses you.
You hit the ogre.
The ogre looks as sick as possible!
The ogre is moderately wounded.
The ogre misses you.
You barely miss the ogre.
The ogre is moderately wounded.
You hit the ogre.
The ogre looks as sick as possible!
The ogre is severely wounded.
The ogre hits you with a +0 giant spiked club!!
Ouch! That really hurt!
You die...

... ####### ...
....... ..
.......#####.
...........#
.........#
.......# ##
#..O..#
#..#.@...#
#..###'####
#<........#
#.........#
#..##..####
#..###'#######+
+..............
#.....†........
#+###.###..##..


You could see an ogre (extremely poisoned).

Vanquished Creatures
  A jelly (D:4)
  An orc wizard (D:4)
  3 adders
  3 worms
  A dart slug (D:3)
  9 orcs
  4 ball pythons
  8 bats
  2 endoplasms (D:3)
  4 giant cockroaches
  10 hobgoblins
  6 jackals
  6 kobolds
  3 quokkas
  6 frilled lizards
  5 goblins
  3 rats
75 creatures vanquished.

Notes
Turn   | Place    | Note
-------+----------+-------------------------------------------
     0 | D:1      | holysushi the Barachi Hunter began the quest for the Orb.
     0 | D:1      | Reached XP level 1. HP: 17/17 MP: 1/1
    45 | D:1      | Reached skill level 1 in Stealth
   157 | D:1      | Reached XP level 2. HP: 23/23 MP: 2/2
   479 | D:1      | Reached XP level 3. HP: 28/28 MP: 3/3
   574 | D:1      | You fall into a shaft and drop 1 floor!
  1359 | D:2      | Reached XP level 4. HP: 34/34 MP: 4/4
  1589 | D:3      | Found an iron altar of Okawaru.
  1657 | D:3      | Became a worshipper of Warmaster Okawaru
  1692 | D:3      | Reached skill level 5 in Dodging
  2373 | D:4      | Reached XP level 5. HP: 30/39 MP: 5/5
  2549 | D:4      | Reached skill level 5 in Ranged Weapons
  2587 | D:4      | Noticed an ogre
  2599 | D:4      | Mangled by an ogre

Illustrated notes

Levels and vault maps discovered:
D:1:      dpeg_arrival_stonehenge_8_columns, layout_basic, minmay_octomino_e4
D:2:      layout_loops_ring
D:3:      layout_basic, mainiacjoe_overflow_alcove_1
D:4:      layout_gridville, chequers_temple_overflow_minitemple,
          mainiacjoe_overflow_small_starburst, nicolae_uskayaw_suspiria,
          cheibrodos_worm_habitat

Skill      XL: |  1  2  3  4  5 |
---------------+----------------+-----
Stealth        | 1 |  1.0
Dodging        | 3 4 5 |  5.0
Ranged Weapons | 5 |  5.1
Fighting       | |  2.5

Action                     |  1- 3 |  4- 6 || total
---------------------------+-------+-------++-------
  Melee: Dagger            |     6 |     6 ||    12
   Fire: Shortbow          |   113 |   110 ||   223
 Armour: Leather armour    |    18 |     9 ||    27
  Dodge: Dodged            |    45 |    21 ||    66

Table legend: (Time is in decaauts)
 A = Elapsed time spent in this place.
 B = Non-inter-level travel time spent in this place.
 C = Inter-level travel time spent in this place.
 D = Time resting spent in this place.
 E = Time spent auto-exploring this place.
 F = Levels seen in this place.
 G = Mean time per level.
                   A        B        C        D        E       F      G
               +--------+--------+--------+--------+--------+-----+--------+
         Total |   3098 |   2976 |    122 |    148 |   2250 |   4 |  774.5 |
       Dungeon |   3098 |   2976 |    122 |    148 |   2250 |   4 |  774.5 |
               +--------+--------+--------+--------+--------+-----+--------+

Top non-repeatable levels by time:
     D:3: 1090 daAuts
     D:1: 1037 daAuts
     D:2: 679 daAuts
     D:4: 291 daAuts
